 Dungeon Crawl Stone Soup version 0.30-a0-304-gdc4b735fe1 (webtiles) character file.

Game seed: 6239299781563907640

97 gruber the Conjurer (level 4, 0/33 HPs)
             Began as a Draconian Conjurer on Oct 20, 2022.
             Slain by Grinder (6 damage)
             ... on level 3 of the Dungeon.
             The game lasted 00:02:56 (2697 turns).

gruber the Conjurer (Draconian Conjurer)            Turns: 2697, Time: 00:02:56

Health: 0/33       AC:  5    Str:  9    XL:     4   Next: 42%
Magic:  4/8        EV: 12    Int: 20    God:
Gold:   66         SH:  0    Dex: 10    Spells: 2/8 levels left

rFire   . . .      SeeInvis .    m - +2 short sword (venom)
rCold   . . .      Faith    .    (no shield)
rNeg    . . .      Spirit   .    (body armour unavailable)
rPois   .          Reflect  .    (helmet restricted)
rElec   .          Harm     .    (no cloak)
rCorr   .          Rampage  .    (no gloves)
Will    .....                    (no boots)
Stlth   ++........               (no amulet)
HPRegen 0.25/turn                (no ring)
MPRegen 0.11/turn                (no ring)

@: no status effects
A: AC +5, unfitting armour, cold-blooded
a: no special abilities


You were on level 3 of the Dungeon.
You visited 1 branch of the dungeon, and saw 3 of its levels.

You collected 66 gold pieces.

Inventory:

Hand Weapons
 m - a +2 short sword of venom (weapon)
Scrolls
 b - 4 scrolls of identify {unknown}
 e - a scroll of blinking {unknown}
 f - a scroll of vulnerability {unknown}
 g - 2 scrolls of immolation {unknown}
 j - a scroll of torment {unknown}
 k - a scroll of poison {unknown}
 l - a scroll of enchant armour {unknown}
 n - a scroll of teleportation {unknown}
 o - a scroll of fear {unknown}
Potions
 a - a potion of magic
 d - 2 potions of degeneration {unknown}
 h - 2 potions of heal wounds {unknown}
 i - a potion of berserk rage {unknown}


   Skills:
 - Level 1.7 Dodging
 - Level 1.7 Stealth
 + Level 2.7 Spellcasting
 + Level 5.5 Conjurations


You had 2 spell levels left.
You knew the following spells:

 Your Spells              Type           Power      Damage    Failure   Level
a - Magic Dart            Conj           96%        1d7       1%          1
b - Searing Ray           Conj           48%        2d6       2%          2
c - Ozocubu's Armour      Ice            2%         N/A       41%         3

Your spell library contained the following spells:

 Spells                   Type           Power      Damage    Failure   Level
 Dazzling Flash           Conj/Hex       26%        N/A       14%         3
 Fulminant Prism          Conj/Hex       6%         3d7       43%         4
 Iskenderun's Mystic Bla  Conj/Tloc      13%        2d5       43%         4
 Metabolic Englaciation   Hex/Ice        1%         N/A       99%         5
 Simulacrum               Ice/Necr       1%         N/A       100%        6
 Chain Lightning          Conj/Air       6%         3d8       100%        9
 Fire Storm               Conj/Fire      6%         8d2       100%        9
 Shatter                  Erth           1%         3d5*      100%        9


Dungeon Overview and Level Annotations

Branches:
Dungeon (3/15)

Altars:
Dithmenos

Shops:
D:3 [

Annotations:
D:3 Grinder


Innate Abilities, Weirdness & Mutations

Your plain brown scales are hard. (AC +5)
You cannot fit into any form of body armour.
You are cold-blooded and may be slowed by cold attacks.


Message History

Grinder blinks!
Grinder hits you.
You writhe in agony.
Grinder hits you.
You writhe in agony.
Grinder hits you!
You writhe in agony.
* * * LOW HITPOINT WARNING * * *
You can move again.
Unknown command.
Unknown command.
Grinder is nearby!
Unknown command.
You feel better. Grinder hits you but does no damage.
You feel better. Grinder gestures at you. Pain shoots through your body!
* * * LOW HITPOINT WARNING * * *
Unknown command.
Unknown command.
Unknown command.
Casting: Magic Dart (safe; 1% risk of failure)
Confirm with . or Enter, or press ? or * to list all spells.
Okay, then.
Unknown command.
Casting: Magic Dart (safe; 1% risk of failure)
Confirm with . or Enter, or press ? or * to list all spells.
Aiming: Searing Ray (safe; 2% risk of failure)
Press: ? - help, Shift-Dir - straight line, f - Grinder
Aim: Grinder (77% to hit)
The searing ray hits Grinder but does no damage. (Press . to maintain the ray.) Grinder hits you but does no damage.
Unknown command.
Unknown command.
The searing ray hits Grinder.
Grinder is lightly wounded.
Grinder gestures at you.
You barely resist.
The searing ray hits Grinder.
Grinder is lightly wounded.
Grinder hits you.
You die...

##################
......)..........#
#.##############.# ..#
#.# #.# #.# #)#
###########.###### #.#
#................#
#.####.#########.####.#
#..[........# #@# #.#
#.≈≈≈§≈≈≈≈≈.####5# #.#
#.§JJ.....§.#....# #.#
#.≈.###.#.≈...#### #.#
..≈.# .#§§§...# #.#
#.≈.# .#.§§#..####
#.###### ..≈.#
#.§.#.....# #......#
..≈.# #.≈...###.#
######.#
..≈..§....≈..†# #.# #.#


You could see Grinder.

Vanquished Creatures
  An orc wizard (D:2)
  An adder (D:2)
  A worm (D:2)
  3 dart slugs
  3 orcs
  6 ball pythons
  6 endoplasms
  2 giant cockroaches (D:1)
  4 goblins
  7 hobgoblins
  2 quokkas (D:3)
  6 bats
  2 frilled lizards (D:1)
  3 kobolds (D:2)
  3 rats
50 creatures vanquished.

Notes
Turn   | Place    | Note
-------+----------+-------------------------------------------
     0 | D:1      | gruber the Draconian Conjurer began the quest for the Orb.
     0 | D:1      | Reached XP level 1. HP: 14/14 MP: 3/3
   362 | D:1      | Reached XP level 2. HP: 20/20 MP: 1/5
   418 | D:1      | Learned a level 2 spell: Searing Ray
  1172 | D:2      | Found a shadowy altar of Dithmenos.
  1202 | D:2      | Reached XP level 3. HP: 25/26 MP: 0/6
  1206 | D:2      | Learned a level 3 spell: Ozocubu's Armour
  1359 | D:2      | Reached skill level 5 in Conjurations
  1672 | D:2      | Reached XP level 4. HP: 33/33 MP: 3/7
  2399 | D:3      | Noticed Grinder
  2574 | D:3      | Found Cit Ara's Armour Emporium.
  2687 | D:3      | Paralysed by Grinder for 5 turns
  2697 | D:3      | Slain by Grinder

Illustrated notes

Levels and vault maps discovered:
D:1:      giann_horns, layout_basic
D:2:      layout_basic, basic_altar
D:3:      layout_loops_ring, mainiacjoe_overflow_brackets,
          nicolae_wu_jian_wuxing_cycle, serial_shops, shop, uniq_grinder

Skill      XL: |  1  2  3 |
---------------+----------+-----
Conjurations   | 5 |  5.5
Dodging        | |  1.7
Stealth        | |  1.7
Spellcasting   | |  2.7

Action                   |  1- 3 |  4- 6 || total
-------------------------+-------+-------++-------
Melee: Unarmed           |    19 |       ||    19
       Tailslap          |     4 |     3 ||     7
       Spear             |    33 |     9 ||    42
       Short sword       |       |    20 ||    20
 Cast: Magic Dart        |    60 |    19 ||    79
       Searing Ray       |     2 |     1 ||     3
  Use: Potion            |     1 |     2 ||     3
 Stab: Sleeping          |       |     1 ||     1
Armor: Skin              |    32 |     6 ||    38
Dodge: Dodged            |    42 |    15 ||    57

Table legend: (Time is in decaauts)
 A = Elapsed time spent in this place.
 B = Non-inter-level travel time spent in this place.
 C = Inter-level travel time spent in this place.
 D = Time resting spent in this place.
 E = Time spent auto-exploring this place.
 F = Levels seen in this place.
 G = Mean time per level.
                   A        B        C        D        E       F      G
               +--------+--------+--------+--------+--------+-----+--------+
         Total |   2701 |   2605 |     96 |      0 |   2241 |   3 |  900.3 |
       Dungeon |   2701 |   2605 |     96 |      0 |   2241 |   3 |  900.3 |
               +--------+--------+--------+--------+--------+-----+--------+

Top non-repeatable levels by time:
     D:2: 1238 daAuts
     D:1: 1077 daAuts
     D:3: 386 daAuts
